APP
SAN DIEGO (APP) PADRES @ BRISTOL PIRATES
10/07/2049
 
TOP OF THE 1ST
Missoula Osprey batting - Pitching for Chicago (APP) Cubs : RHP Jamie Keener
Pitching: RHP Jamie Keener
Batting: LHB Tim West 0-0: SINGLE (Groundball, 4MD, EV 102.5 MPH)
Batting: LHB Chris Coleman 0-0: Called Strike
0-1: Ball
1-1: Ball
Wild Pitch!
Tim West to second
2-1: Foul Ball, location: 2F
2-2: Strikes out swinging
Batting: LHB Johnny Cabrera 0-0: SINGLE (Flyball, 7LM, EV 108.1 MPH)
Tim West to third
Runner from 3rd tries for Home, SAFE, throw by LF to home
Batting: RHB Hang-ki Yin 0-0: Ball
Johnny Cabrera steals 2nd base
1-0: Ball
2-0: Foul Ball, location: 2F
2-1: DOUBLE (Line Drive, 89XD, EV 100.6 MPH)
Johnny Cabrera scores
Batting: LHB Rob Turney 0-0: Ground out 6-3 (Groundball, 6, EV 108.1 MPH)
Batting: RHB Keith Turner 0-0: Ball
1-0: Foul Ball, location: 2F
1-1: Foul Ball, location: 2F
1-2: Foul Ball, location: 2F
1-2: Ball
2-2: Strikes out swinging
Top of the 1st over - 2 runs, 3 hits, 0 errors, 1 left on base; Missoula 2 - Chicago (APP) 0
BOTTOM OF THE 1ST
Chicago (APP) Cubs batting - Pitching for Missoula Osprey : RHP Evan Barron
Pitching: RHP Evan Barron
Batting: RHB Chris Petrock 0-0: Foul Ball, location: 2F
0-1: DOUBLE (Groundball, 5L, EV 108.1 MPH)
Batting: SHB Eddie Tetzlaff 0-0: Called Strike
Chris Petrock steals 3rd base
0-1: Ball
1-1: Ball
2-1: Called Strike
2-2: Ball
Passed Ball!
Chris Petrock scores
3-2: Foul Ball, location: 2F
3-2: Base on Balls
Batting: RHB Jacob Nagle 0-0: Fly out, F2 (Popup, 25F, EV 86.3 MPH)
Batting: LHB Ryan Cross 0-0: Foul Ball, location: 2F
0-1: Called Strike
0-2: Strikes out swinging
Batting: RHB Willie Martinez 0-0: Ball
1-0: Called Strike
1-1: DOUBLE (Line Drive, 89XD, EV 108.8 MPH)
Eddie Tetzlaff to third
Runner from 3rd tries for Home, SAFE, throw by RF to trailing runner, SAFE at third!
Batting: RHB Casey Snyder 0-0: Ball
Passed Ball!
Willie Martinez scores
1-0: Called Strike
1-1: Foul Ball, location: 2F
1-2: Fly out, F7 (Flyball, 7LS, EV 90.0 MPH)
Bottom of the 1st over - 3 runs, 2 hits, 0 errors, 0 left on base; Missoula 2 - Chicago (APP) 3
TOP OF THE 2ND
Missoula Osprey batting - Pitching for Chicago (APP) Cubs : RHP Jamie Keener
Batting: RHB Ken Cohan 0-0: Ground out 1-3 (Groundball, 13S, EV 70.6 MPH)
Batting: RHB Evan Barron 0-0: Called Strike
0-1: Foul Ball, location: 2F
0-2: Strikes out swinging
Batting: LHB Brandon Cox 0-0: Ball
1-0: Ball
2-0: Ground out U3 (Groundball, 3, EV 106.9 MPH)
Top of the 2nd over - 0 runs, 0 hits, 0 errors, 0 left on base; Missoula 2 - Chicago (APP) 3
BOTTOM OF THE 2ND
Chicago (APP) Cubs batting - Pitching for Missoula Osprey : RHP Evan Barron
Batting: RHB Troy Nichols 0-0: Called Strike
0-1: Ground out 6-3 (Groundball, 6, EV 96.3 MPH)
Batting: RHB A.J. Moore 0-0: Ball
1-0: Fly out, F3 (Popup, 3SF, EV 83.8 MPH)
Batting: RHB Jamie Keener 0-0: Foul Ball, location: 2F
0-1: Fly out, F8 (Flyball, 8LM, EV 95.0 MPH)
Bottom of the 2nd over - 0 runs, 0 hits, 0 errors, 0 left on base; Missoula 2 - Chicago (APP) 3
TOP OF THE 3RD
Missoula Osprey batting - Pitching for Chicago (APP) Cubs : RHP Jamie Keener
Batting: LHB Tim West 0-0: Bunted foul
0-1: Ground out 5-3 (Groundball, 6S, EV 87.5 MPH)
Batting: LHB Chris Coleman 0-0: Ball
1-0: Called Strike
1-1: Called Strike
1-2: Ground out 4-3 (Groundball, 4D, EV 91.3 MPH)
Batting: LHB Johnny Cabrera 0-0: Called Strike
0-1: DOUBLE (Line Drive, 9LM, EV 95.0 MPH)
Batting: RHB Hang-ki Yin 0-0: Ball
1-0: Fly out, F4 (Line Drive, 4, EV 68.1 MPH)
Top of the 3rd over - 0 runs, 1 hit, 0 errors, 1 left on base; Missoula 2 - Chicago (APP) 3
BOTTOM OF THE 3RD
Chicago (APP) Cubs batting - Pitching for Missoula Osprey : RHP Evan Barron
Batting: RHB Chris Petrock 0-0: SINGLE (Groundball, 56D, EV 99.4 MPH)
Batting: SHB Eddie Tetzlaff 0-0: Ball
1-0: Ball
Wild Pitch!
Chris Petrock to second
2-0: Ball
Passed Ball!
Chris Petrock to third
3-0: Called Strike
3-1: Base on Balls
Batting: RHB Jacob Nagle 0-0: Fielders Choice at 2nd, 6-4 (Groundball, 6, EV 104.4 MPH)
Chris Petrock scores
Batting: LHB Ryan Cross 0-0: Called Strike
0-1: Ball
1-1: Called Strike
Jacob Nagle steals 2nd base
1-2: Foul Ball, location: 2F
1-2: Ball
2-2: Foul Ball, location: 2F
2-2: Fly out, F4 (Popup, 4M, EV 80.6 MPH)
Batting: RHB Willie Martinez 0-0: Ground out U3 (Groundball, 34, EV 90.0 MPH)
Bottom of the 3rd over - 1 run, 1 hit, 0 errors, 1 left on base; Missoula 2 - Chicago (APP) 4
TOP OF THE 4TH
Missoula Osprey batting - Pitching for Chicago (APP) Cubs : RHP Jamie Keener
Batting: LHB Rob Turney 0-0: Called Strike
0-1: Ground out 6-3 (Groundball, 6, EV 83.8 MPH)
Batting: RHB Keith Turner 0-0: Called Strike
0-1: Hit by Pitch
Batting: RHB Ken Cohan 0-0: Called Strike
0-1: Ball
1-1: Ball
Keith Turner steals 2nd base
2-1: Fly out, F5 (Popup, 5F, EV 77.5 MPH)
Batting: RHB Evan Barron 0-0: Ground out 6-3 (Groundball, 6, EV 81.3 MPH)
Top of the 4th over - 0 runs, 0 hits, 0 errors, 1 left on base; Missoula 2 - Chicago (APP) 4
BOTTOM OF THE 4TH
Chicago (APP) Cubs batting - Pitching for Missoula Osprey : RHP Evan Barron
Batting: RHB Casey Snyder 0-0: Ball
1-0: Foul Ball, location: 2F
1-1: Called Strike
1-2: Ball
2-2: Ball
3-2: SINGLE (Groundball, 56D, EV 96.9 MPH)
Batting: RHB Troy Nichols 0-0: Ball
1-0: Called Strike
1-1: Called Strike
1-2: Strikes out swinging
Batting: RHB A.J. Moore 0-0: Called Strike
0-1: Swinging Strike
0-2: Strikes out swinging
Batting: RHB Jamie Keener 0-0: Ball
1-0: Ball
2-0: Ball
3-0: Base on Balls
Casey Snyder to second
Batting: RHB Chris Petrock 0-0: Ball
1-0: Ground out 5-3 (Groundball, 56S, EV 80.0 MPH)
Bottom of the 4th over - 0 runs, 1 hit, 0 errors, 2 left on base; Missoula 2 - Chicago (APP) 4
TOP OF THE 5TH
Missoula Osprey batting - Pitching for Chicago (APP) Cubs : RHP Jamie Keener
Batting: LHB Brandon Cox 0-0: Ball
1-0: Foul Ball, location: 2F
1-1: Foul Ball, location: 2F
1-2: Strikes out swinging
Batting: LHB Tim West 0-0: Ball
1-0: Foul Ball, location: 2F
1-1: Bunt missed!
1-2: Ground out 5-3 (Groundball, 5, EV 90.6 MPH)
Batting: LHB Chris Coleman 0-0: Ball
1-0: Fly out, F9 (Flyball, 9, EV 85.0 MPH)
Top of the 5th over - 0 runs, 0 hits, 0 errors, 0 left on base; Missoula 2 - Chicago (APP) 4
BOTTOM OF THE 5TH
Chicago (APP) Cubs batting - Pitching for Missoula Osprey : RHP Evan Barron
Batting: SHB Eddie Tetzlaff 0-0: Ground out 6-3 (Groundball, 6, EV 97.5 MPH)
Batting: RHB Jacob Nagle 0-0: Called Strike
0-1: Fly out, F8 (Flyball, 8LM, EV 91.3 MPH)
Batting: LHB Ryan Cross 0-0: Foul Ball, location: 2F
0-1: Ball
1-1: SOLO HOME RUN (Flyball, 89XD, EV 104.4 MPH), Distance : 444 ft
Pitching: LHP Alberto Vega
Batting: RHB Willie Martinez 0-0: Called Strike
0-1: Ball
1-1: Ball
2-1: Swinging Strike
2-2: Ball
3-2: Ground out 1-3 (Groundball, P, EV 63.8 MPH)
Bottom of the 5th over - 1 run, 1 hit, 0 errors, 0 left on base; Missoula 2 - Chicago (APP) 5
TOP OF THE 6TH
Missoula Osprey batting - Pitching for Chicago (APP) Cubs : RHP Jamie Keener
Batting: LHB Johnny Cabrera 0-0: Called Strike
0-1: Called Strike
0-2: Ball
1-2: SOLO HOME RUN (Line Drive, 9D, EV 103.1 MPH), Distance : 401 ft
Batting: RHB Hang-ki Yin 0-0: Fly out, F7 (Line Drive, 7, EV 92.5 MPH)
Batting: LHB Rob Turney 0-0: Ball
1-0: Called Strike
1-1: Ball
2-1: Called Strike
2-2: Foul Ball, location: 2F
2-2: Strikes out swinging
Batting: RHB Keith Turner 0-0: Ground out 4-3 (Groundball, 34, EV 100.6 MPH)
Top of the 6th over - 1 run, 1 hit, 0 errors, 0 left on base; Missoula 3 - Chicago (APP) 5
BOTTOM OF THE 6TH
Chicago (APP) Cubs batting - Pitching for Missoula Osprey : LHP Alberto Vega
Batting: RHB Casey Snyder 0-0: Ball
1-0: Ground out 5-3 (Groundball, 56, EV 81.3 MPH)
Batting: RHB Troy Nichols 0-0: Swinging Strike
0-1: Ground out 5-3 (Groundball, 5, EV 98.8 MPH)
Batting: RHB A.J. Moore 0-0: Foul Ball, location: 2F
0-1: Ground out 6-3 (Groundball, 56, EV 103.1 MPH)
Bottom of the 6th over - 0 runs, 0 hits, 0 errors, 0 left on base; Missoula 3 - Chicago (APP) 5
TOP OF THE 7TH
Missoula Osprey batting - Pitching for Chicago (APP) Cubs : RHP Jamie Keener
Batting: RHB Ken Cohan 0-0: Called Strike
0-1: Swinging Strike
0-2: Ball
1-2: Ball
2-2: Ground out 5-3 (Groundball, 56S, EV 83.1 MPH)
Pinch Hitting: RHB Michael Johnston 0-0: Called Strike
0-1: Ball
1-1: Called Strike
1-2: Ball
2-2: Fly out, F9 (Flyball, 89S, EV 76.3 MPH)
Batting: LHB Brandon Cox 0-0: Called Strike
0-1: Ball
1-1: Ball
2-1: Ball
3-1: SINGLE (Line Drive, 8RS, EV 106.3 MPH)
Batting: LHB Tim West 0-0: Ball
1-0: Ball
2-0: Ball
3-0: Called Strike
3-1: SINGLE (Groundball, 6D, EV 103.1 MPH)
Brandon Cox to second
Runner from 2nd tries for 3rd, OUT! 7-5
Top of the 7th over - 0 runs, 2 hits, 0 errors, 1 left on base; Missoula 3 - Chicago (APP) 5
BOTTOM OF THE 7TH
Chicago (APP) Cubs batting - Pitching for Missoula Osprey : LHP Alberto Vega
Pitching: RHP Josh Weiser
Pinch Hitting: RHB Josh Chandler 0-0: Ball
1-0: Foul Ball, location: 2F
1-1: Called Strike
1-2: Ball
2-2: Foul Ball, location: 2F
2-2: Strikes out swinging
Batting: RHB Chris Petrock 0-0: Swinging Strike
0-1: Hit by Pitch
Batting: SHB Eddie Tetzlaff 0-0: Fly out, F7 (Flyball, 7, EV 91.9 MPH)
Batting: RHB Jacob Nagle 0-0: Ball
1-0: Ball
Chris Petrock steals 2nd base
2-0: DOUBLE (Line Drive, 9LD, EV 110.6 MPH)
Chris Petrock scores
Pitching: RHP Juan Robledo
Batting: LHB Ryan Cross 0-0: Ball
Wild Pitch!
Jacob Nagle to third
1-0: 2-RUN HOME RUN (Flyball, 9D, EV 101.3 MPH), Distance : 378 ft
Batting: RHB Willie Martinez 0-0: Called Strike
0-1: DOUBLE (Flyball, 8RXD, EV 99.4 MPH)
Batting: RHB Casey Snyder 0-0: Ball
1-0: SINGLE (Groundball, 56S, EV 67.5 MPH) (infield hit)
Willie Martinez to third
Batting: RHB Troy Nichols 0-0: Foul Ball, location: 2F
0-1: Ground out 4-3 (Groundball, 34, EV 91.3 MPH)
Bottom of the 7th over - 3 runs, 4 hits, 0 errors, 2 left on base; Missoula 3 - Chicago (APP) 8
TOP OF THE 8TH
Missoula Osprey batting - Pitching for Chicago (APP) Cubs : RHP Jamie Keener
Pitching: LHP Jesse Fogg
Batting: LHB Chris Coleman 0-0: Ball
1-0: Swinging Strike
1-1: Ball
2-1: Ball
3-1: Foul Ball, location: 2F
3-2: Base on Balls
Batting: LHB Johnny Cabrera 0-0: Ball
1-0: SINGLE (Groundball, 56S, EV 68.1 MPH) (infield hit)
Chris Coleman to second
Batting: RHB Hang-ki Yin 0-0: Ball
1-0: SINGLE (Groundball, 3D, EV 93.8 MPH)
Chris Coleman to third
Johnny Cabrera to second
Runner from 3rd tries for Home, SAFE, throw by RF to home
Batting: LHB Rob Turney 0-0: SINGLE (Line Drive, 89M, EV 88.1 MPH)
Johnny Cabrera to third
Hang-ki Yin to second
Runner from 3rd tries for Home, SAFE, no throw by RF
Batting: RHB Keith Turner 0-0: SINGLE (Groundball, 13, EV 85.0 MPH) (infield hit)
Hang-ki Yin to third
Rob Turney to second
Pitching: RHP Keith Sheehan
Batting: RHB Ken Cohan 0-0: SINGLE (Groundball, 4, EV 100.6 MPH) (infield hit)
Hang-ki Yin scores
Rob Turney to third
Keith Turner to second
Pinch Hitting: LHB Matt Marquis 0-0: Called Strike
0-1: Swinging Strike
0-2: Strikes out swinging
Batting: LHB Brandon Cox 0-0: Called Strike
0-1: Swinging Strike
0-2: Ball
1-2: Strikes out swinging
Batting: LHB Tim West 0-0: Ball
Wild Pitch!
Rob Turney scores
Keith Turner to third
Ken Cohan to second
1-0: Foul Ball, location: 2F
1-1: Foul Ball, location: 2F
1-2: Foul Ball, location: 2F
1-2: Foul Ball, location: 2F
1-2: Ground out 4-3 (Groundball, 4, EV 90.6 MPH)
Top of the 8th over - 4 runs, 5 hits, 0 errors, 2 left on base; Missoula 7 - Chicago (APP) 8
BOTTOM OF THE 8TH
Chicago (APP) Cubs batting - Pitching for Missoula Osprey : RHP Juan Robledo
Pitching: RHP Mike Fontaine
Batting: RHB A.J. Moore 0-0: Ground out 4-3 (Groundball, 4, EV 89.4 MPH)
Pinch Hitting: RHB Chad Laramee 0-0: Called Strike
0-1: Foul Ball, location: 2F
0-2: Ball
1-2: Foul Ball, location: 2F
1-2: Ball
2-2: Ball
3-2: SINGLE (Groundball, 6D, EV 95.0 MPH)
Batting: RHB Chris Petrock 0-0: Ball
Wild Pitch!
Chad Laramee to second
1-0: Called Strike
1-1: Ball
Wild Pitch!
Chad Laramee to third
2-1: Swinging Strike
Passed Ball!
Chad Laramee scores
2-2: Foul Ball, location: 2F
2-2: SINGLE (Line Drive, 7S, EV 106.3 MPH)
Batting: SHB Eddie Tetzlaff 0-0: Foul Ball, location: 2F
0-1: Ball
Passed Ball!
Chris Petrock to second
1-1: Called Strike
1-2: Strikes out swinging
Batting: RHB Jacob Nagle 0-0: Called Strike
0-1: Ball
Passed Ball!
Chris Petrock to third
1-1: Called Strike
1-2: Ball
2-2: Strikes out swinging
Bottom of the 8th over - 1 run, 2 hits, 0 errors, 1 left on base; Missoula 7 - Chicago (APP) 9
TOP OF THE 9TH
Missoula Osprey batting - Pitching for Chicago (APP) Cubs : RHP Keith Sheehan
Pitching: LHP Sean Tomasi
Now at 3B: Chad Laramee
Batting: LHB Chris Coleman 0-0: Ball
1-0: Called Strike
1-1: Called Strike
1-2: Strikes out looking
Batting: LHB Johnny Cabrera 0-0: Ball
1-0: Called Strike
1-1: SINGLE (Line Drive, 5D, EV 101.9 MPH)
Batting: RHB Hang-ki Yin 0-0: Ball
Passed Ball!
Johnny Cabrera to second
1-0: Ball
2-0: Foul Ball, location: 2F
2-1: Ball
3-1: Base on Balls
Batting: LHB Rob Turney 0-0: Called Strike
0-1: Ball
1-1: Called Strike
1-2: Foul Ball, location: 2F
1-2: Ball
2-2: Strikes out swinging
Batting: RHB Keith Turner 0-0: Called Strike
0-1: SINGLE (Groundball, 3D, EV 93.8 MPH)
Johnny Cabrera to third
Hang-ki Yin to second
Batting: RHB Ken Cohan 0-0: Called Strike
0-1: SINGLE (Line Drive, 7LS, EV 105.6 MPH)
Johnny Cabrera scores
Hang-ki Yin to third
Keith Turner to second
Runner from 3rd tries for Home, SAFE, throw by LF to home
Batting: RHB Mike Fontaine 0-0: Ball
1-0: Called Strike
1-1: DOUBLE (Groundball, 5L, EV 105.0 MPH)
Keith Turner scores
Ken Cohan to third
Runner from 3rd tries for Home, SAFE, no throw by LF
Pitching: LHP Jeremy Estep
Batting: LHB Brandon Cox 0-0: Ball
1-0: Swinging Strike
1-1: Foul Ball, location: 2F
1-2: Foul Ball, location: 2F
1-2: Ground out 5-3 (Groundball, 56, EV 80.6 MPH)
Top of the 9th over - 4 runs, 4 hits, 0 errors, 1 left on base; Missoula 11 - Chicago (APP) 9
BOTTOM OF THE 9TH
Chicago (APP) Cubs batting - Pitching for Missoula Osprey : RHP Mike Fontaine
Pitching: RHP John Grashel
Batting: LHB Ryan Cross 0-0: Ball
1-0: Ball
2-0: Ball
3-0: Called Strike
3-1: Base on Balls
Batting: RHB Willie Martinez 0-0: Ball
1-0: Called Strike
1-1: Ball
Passed Ball!
Ryan Cross to second
2-1: SINGLE (Groundball, 6MD, EV 107.5 MPH)
Ryan Cross to third
Pinch Hitting: LHB Dave Wheeler 0-0: Swinging Strike
0-1: Fly out, F8 (Flyball, 8RM, EV 85.0 MPH)
Pinch Hitting: RHB Akiyoshi Sugiyama 0-0: Called Strike
0-1: Ball
1-1: DOUBLE (Line Drive, 5D, EV 101.9 MPH)
Ryan Cross scores
Willie Martinez to third
Runner from 3rd tries for Home, SAFE, no throw by LF
Pinch Hitting: RHB Chris Jech 0-0: Called Strike
0-1: Ground out 6-3 (Groundball, 6D, EV 102.5 MPH)
Batting: RHB Chad Laramee 0-0: Ball
1-0: Ball
2-0: Foul Ball, location: 2F
2-1: Ball
Wild Pitch!
Akiyoshi Sugiyama to third
3-1: Called Strike
3-2: Ground out 5-3 (Groundball, 56, EV 85.0 MPH)
Bottom of the 9th over - 2 runs, 2 hits, 0 errors, 1 left on base; Missoula 11 - Chicago (APP) 11
TOP OF THE 10TH
Missoula Osprey batting - Pitching for Chicago (APP) Cubs : LHP Jeremy Estep
Pitching: RHP Casey Sessoms
Now at 1B: Chris Jech
Now in CF: Dave Wheeler
Batting: LHB Tim West 0-0: Called Strike
0-1: Called Strike
0-2: Ball
1-2: Ball
2-2: Foul Ball, location: 2F
2-2: Ground out 5-3 (Groundball, 56, EV 91.9 MPH)
Batting: LHB Chris Coleman 0-0: Called Strike
0-1: Ball
1-1: Foul Ball, location: 2F
1-2: Foul Ball, location: 2F
1-2: Strikes out swinging
Batting: LHB Johnny Cabrera 0-0: Called Strike
0-1: Ball
1-1: Foul Ball, location: 2F
1-2: Ground out 1-3 (Groundball, 34S, EV 66.3 MPH)
Top of the 10th over - 0 runs, 0 hits, 0 errors, 0 left on base; Missoula 11 - Chicago (APP) 11
BOTTOM OF THE 10TH
Chicago (APP) Cubs batting - Pitching for Missoula Osprey : RHP John Grashel
Pitching: RHP Juan Cardenas
Batting: RHB Chris Petrock 0-0: Ball
1-0: Foul Ball, location: 2F
1-1: Ground out 4-3 (Groundball, 34, EV 101.3 MPH)
Batting: SHB Eddie Tetzlaff 0-0: Foul Ball, location: 2F
0-1: Fly out, F7 (Flyball, 7LM, EV 80.6 MPH)
Batting: RHB Jacob Nagle 0-0: Ball
1-0: Ball
2-0: Called Strike
2-1: Reached on error, E4 (Groundball, 4S, EV 81.3 MPH)
Batting: LHB Ryan Cross 0-0: Ball
1-0: Ball
2-0: Ball
Wild Pitch!
Jacob Nagle to second
3-0: Base on Balls
Batting: RHB Willie Martinez 0-0: Called Strike
0-1: Ball
1-1: Fly out, F1 (Line Drive, P, EV 68.8 MPH)
Bottom of the 10th over - 0 runs, 0 hits, 1 error, 2 left on base; Missoula 11 - Chicago (APP) 11
TOP OF THE 11TH
Missoula Osprey batting - Pitching for Chicago (APP) Cubs : RHP Casey Sessoms
Batting: RHB Hang-ki Yin 0-0: Swinging Strike
0-1: Swinging Strike
0-2: Foul Ball, location: 2F
0-2: Foul Ball, location: 2F
0-2: Ground out 5-3 (Groundball, 56S, EV 81.9 MPH)
Batting: LHB Rob Turney 0-0: SINGLE (Flyball, 7LS, EV 92.5 MPH)
Batting: RHB Keith Turner 0-0: Ball
1-0: Ball
2-0: DOUBLE (Line Drive, 5D, EV 93.8 MPH)
Rob Turney to third
Runner from 3rd tries for Home, SAFE, throw by LF to home
Batting: RHB Ken Cohan 0-0: Foul Ball, location: 2F
0-1: Called Strike
0-2: Ball
1-2: Foul Ball, location: 2F
1-2: SINGLE (Flyball, 89M, EV 89.4 MPH)
Keith Turner to third
Batting: RHB Juan Cardenas 0-0: Ball
1-0: Called Strike
Ken Cohan steals 2nd base
1-1: Foul Ball, location: 2F
1-2: Strikes out looking
Batting: LHB Brandon Cox 0-0: Ball
1-0: Ball
2-0: Foul Ball, location: 2F
2-1: Foul Ball, location: 2F
2-2: Strikes out swinging
Top of the 11th over - 1 run, 3 hits, 0 errors, 2 left on base; Missoula 12 - Chicago (APP) 11
BOTTOM OF THE 11TH
Chicago (APP) Cubs batting - Pitching for Missoula Osprey : RHP Juan Cardenas
Batting: LHB Dave Wheeler 0-0: Called Strike
0-1: Ball
1-1: Ball
2-1: Swinging Strike
2-2: Foul Ball, location: 2F
2-2: Ball
3-2: Base on Balls
Batting: RHB Casey Sessoms 0-0: Bunted foul
0-1: Bunted foul
0-2: Bunted foul, Strikeout!
Pitching: RHP Toshio Kumagai
Batting: RHB Chris Jech 0-0: Called Strike
0-1: Swinging Strike
Passed Ball!
Dave Wheeler to second
0-2: Ball
Passed Ball!
Dave Wheeler to third
1-2: Foul Ball, location: 2F
1-2: Strikes out swinging
Batting: RHB Chad Laramee 0-0: Ball
Wild Pitch!
Dave Wheeler scores
1-0: SINGLE (Groundball, 4MD, EV 96.9 MPH)
Batting: RHB Chris Petrock 0-0: Fielders Choice at 2nd, 6-4 (Groundball, 56, EV 105.6 MPH)
Bottom of the 11th over - 1 run, 1 hit, 0 errors, 1 left on base; Missoula 12 - Chicago (APP) 12
TOP OF THE 12TH
Missoula Osprey batting - Pitching for Chicago (APP) Cubs : RHP Casey Sessoms
Batting: LHB Tim West 0-0: Swinging Strike
0-1: Swinging Strike
0-2: Ball
1-2: Ground out 6-3 (Groundball, 56, EV 109.4 MPH)
Batting: LHB Chris Coleman 0-0: Called Strike
0-1: Called Strike
0-2: Foul Ball, location: 2F
0-2: Strikes out swinging
Batting: LHB Johnny Cabrera 0-0: Ball
1-0: Ball
2-0: Called Strike
2-1: Ball
3-1: Base on Balls
Pitching: RHP Paul Whitehead
Batting: RHB Hang-ki Yin 0-0: Ball
Johnny Cabrera steals 2nd, throwing error, E2
Johnny Cabrera to third
1-0: Intentional Walk
Batting: LHB Rob Turney 0-0: Ball
Wild Pitch!
Johnny Cabrera scores
Hang-ki Yin to second
1-0: Swinging Strike
1-1: Ground out 4-3 (Groundball, 4, EV 85.0 MPH)
Top of the 12th over - 1 run, 0 hits, 1 error, 1 left on base; Missoula 13 - Chicago (APP) 12
BOTTOM OF THE 12TH
Chicago (APP) Cubs batting - Pitching for Missoula Osprey : RHP Toshio Kumagai
Batting: SHB Eddie Tetzlaff 0-0: Foul Ball, location: 2F
0-1: Ground out 4-3 (Groundball, 4, EV 80.6 MPH)
Batting: RHB Jacob Nagle 0-0: Called Strike
0-1: Ball
1-1: Called Strike
1-2: Strikes out looking
Batting: LHB Ryan Cross 0-0: Ball
1-0: Ball
2-0: Ball
3-0: Base on Balls
Batting: RHB Willie Martinez 0-0: Foul Ball, location: 2F
0-1: Foul Ball, location: 2F
0-2: Ball
1-2: Strikes out looking
Bottom of the 12th over - 0 runs, 0 hits, 0 errors, 1 left on base; Missoula 13 - Chicago (APP) 12
Sunday, July 16th , 2023 - OOTP Baseball 24.6 Build 69